 Dungeon Crawl Stone Soup version 0.27.0-1-g7a089689b8 (webtiles) character file.

Game seed: 13615562453052842057

1666 Demosthentine the Spear-Bearer (level 9, -13/71 HPs)
             Began as a Merfolk Gladiator on July 31, 2021.
             Mangled by a two-headed ogre (26 damage)
             ... on level 5 of the Dungeon.
             The game lasted 00:06:46 (6200 turns).

Demosthentine the Spear-Bearer (Merfolk Gladiator)  Turns: 6200, Time: 00:06:47

Health: -13/71     AC:  6    Str: 16    XL:     9   Next: 1%
Magic:  18/18      EV: 16    Int:  7    God:
Gold:   59         SH:  0    Dex: 17    Spells: 8/8 levels left

rFire    . . .     SeeInvis .   a - +0 trident
rCold    . . .     Faith    .   (no shield)
rNeg     . . .     Spirit   .   b - +0 leather armour
rPois    .         Reflect  .   c - +1 helmet
rElec    .         Harm     .   (no cloak)
rCorr    .         Rampage  .   k - +0 pair of gloves
Will     .....                  (no boots)
Stlth    +.........             (no amulet)
HPRegen  0.21/turn              i - ring of magical power
MPRegen  0.16/turn              (no ring)

@: attractive, hasted, very quick
A: (nimble swimmer 2), mertail
a: no special abilities


You were on level 5 of the Dungeon.
You visited 1 branch of the dungeon, and saw 6 of its levels.

You collected 292 gold pieces.
You spent 233 gold pieces at shops.

Inventory:

Hand Weapons
 a - a +0 trident (weapon)
Armour
 b - a +0 leather armour (worn)
 c - a +1 helmet (worn)
 k - a +0 pair of gloves (worn)
Jewellery
 i - a ring of magical power (left hand)
Wands
 d - a wand of mindburst (13)
Scrolls
 f - a scroll of enchant armour
 m - a scroll of magic mapping
 n - a scroll of immolation {unknown}
Potions
 e - 2 potions of resistance
 g - 2 potions of lignification
 j - a potion of attraction
 l - 2 potions of curing
 q - a potion of heal wounds {unknown}


   Skills:
 + Level 6.4 Fighting
 + Level 9.1 Polearms
 - Level 2.0 Throwing
 + Level 4.0 Armour
 + Level 8.2 Dodging


You had 8 spell levels left.
You didn't know any spells.
Your spell library contained the following spells:

 Spells                   Type           Power      Damage    Failure   Level
 Slow                     Hex            0%         N/A       63%         2
 Call Canine Familiar     Summ           0%         N/A       86%         3
 Confusing Touch          Hex            0%         N/A       86%         3
 Portal Projectile        Hex/Tloc       0%         N/A       86%         3
 Leda's Liquefaction      Hex/Erth       0%         N/A       99%         4
 Yara's Violent Unravell  Hex/Tmut       0%         3d3       100%        5


Dungeon Overview and Level Annotations

Branches:
Dungeon (6/15)
 Temple: D:4-7

Altars:
Kikubaaqudgha

Shops:
D:2 =   D:3 (   D:5 (*[


Innate Abilities, Weirdness & Mutations

((You are quick and stealthy near water. (Stealth+, EV+, Speed+++)))
Your lower body shifts to a powerful aquatic tail in water.


Message History

You hit the two-headed ogre.
The two-headed ogre is moderately wounded.
The two-headed ogre closely misses you.
The two-headed ogre hits you with a +0 giant club!!
You barely miss the two-headed ogre.
The two-headed ogre is moderately wounded.
A two-headed ogre is nearby!
You barely miss the two-headed ogre.
The two-headed ogre is moderately wounded.
The two-headed ogre hits you with a +0 giant club!
The two-headed ogre misses you.
You are too injured to fight recklessly!
Unknown command.
Unknown command.
Unknown command.
A cyclops comes into view.
There is a stone staircase leading up here.
The two-headed ogre hits you with a +0 giant club!
* * * LOW HITPOINT WARNING * * *
The two-headed ogre misses you.
You climb upwards.
There is a stone staircase leading down here.
Okay, then.
Okay, then.
It was a potion of attraction.
You feel attractive to monsters. The two-headed ogre barely misses you.
The two-headed ogre closely misses you.
It was a potion of haste.
You feel yourself speed up.
The two-headed ogre completely misses you.
The two-headed ogre hits you with a +0 giant club.
* * * LOW HITPOINT WARNING * * *
Unknown command.
The two-headed ogre is pulled toward you!
Unknown command.
You hit the two-headed ogre but do no damage.
The two-headed ogre is lightly wounded.
You puncture the two-headed ogre!
The two-headed ogre is moderately wounded.
The two-headed ogre hits you with a +0 giant club!!
You die...

##..##
#.####...#...>.
##[.## ##.#
#####..... ##..##
#.## #....# ...##
#.### ##..#. ..##
##...# #.#.. .##
##....## #..#. ##
##......# #...# ##
##..<....# #....
.## ##..@.....#
##..## ..#
##..O......# #...#
#.## ##..>.......#
#...# #..#
##...........#
#...# ##.##
#...........##
##..## #..##
#..........## #...#
###..# ##........##
##...# ..#..##
#.......## #....#
...#..######.....##
##....#


You could see a two-headed ogre.

Vanquished Creatures
  An unseen horror (D:6)
  Eustachio (D:5)
  An orc warrior (D:5)
  2 black bears
  A sky beast (D:5)
  A necrophage (D:5)
  An ogre (D:5)
  Blork the orc (D:5)
  A wyvern zombie (D:4)
  A scorpion (D:6)
  2 vampire bats (D:5)
  2 howler monkeys (D:5)
  2 bullfrog skeletons
  A hound (D:5)
  Ijyb (D:5)
  An iguana (D:5)
  2 hound skeletons (D:4)
  Robin (D:4)
  9 adders
  2 white imps
  A worm (D:2)
  2 dart slugs
  11 orcs
  5 bats
  2 bat skeletons (D:5)
  3 bat zombies (D:5)
  5 endoplasms
  4 giant cockroaches
  14 goblins
  8 hobgoblins
  2 jackals (D:2)
  7 kobolds
  3 quokkas
  7 ball pythons
  5 frilled lizards
  6 rats
119 creatures vanquished.

Notes
Turn   | Place    | Note
-------+----------+-------------------------------------------
     0 | D:1      | Demosthentine the Merfolk Gladiator began the quest for the
                  | Orb.
     0 | D:1      | Reached XP level 1. HP: 16/16 MP: 1/1
   188 | D:1      | Reached XP level 2. HP: 23/23 MP: 2/2
   425 | D:1      | Reached XP level 3. HP: 28/28 MP: 3/3
   771 | D:2      | Found a faded altar of an unknown god.
   815 | D:2      | Reached skill level 5 in Polearms
   861 | D:2      | Reached skill level 1 in Armour
  1125 | D:2      | Found Sucuopp's Jewellery Shop.
  1132 | D:2      | Reached XP level 4. HP: 35/35 MP: 4/4
  1812 | D:3      | Found Onikh's Antique Weapon Emporium.
  2325 | D:4      | Reached skill level 5 in Dodging
  2325 | D:4      | Reached XP level 5. HP: 7/41 MP: 5/5
  2787 | D:4      | Noticed a black bear
  2797 | D:4      | Killed a black bear
  2798 | D:4      | Reached skill level 6 in Polearms
  2798 | D:4      | Reached XP level 6. HP: 47/48 MP: 6/6
  2860 | D:4      | Noticed Robin
  2927 | D:4      | Killed Robin
  3700 | D:5      | Entered Level 5 of the Dungeon
  3707 | D:5      | Reached XP level 7. HP: 55/55 MP: 7/7
  3771 | D:5      | Found Ehenk's Armour Boutique.
  3869 | D:3      | Bought a smoking trident for 187 gold pieces
  3869 | D:3      | Identified the +7 trident "Realib" {pain, rPois MP+9 Int+2}
                  | (You bought it in a shop on level 3 of the Dungeon)
  3943 | D:5      | Noticed Eustachio
  3972 | D:5      | Killed Eustachio
  3973 | D:5      | Reached skill level 7 in Polearms
  3982 | D:5      | Reached skill level 5 in Fighting
  4458 | D:5      | Noticed Blork the orc
  4479 | D:5      | Killed Blork the orc
  4480 | D:5      | Reached XP level 8. HP: 42/62 MP: 8/8
  4523 | D:5      | Noticed Ijyb
  4600 | D:5      | Killed Ijyb
  4601 | D:5      | Reached skill level 8 in Polearms
  4899 | D:5      | Found Ockuss's Assorted Antiques.
  4905 | D:5      | Bought a scroll labelled NOW URCHIFEM for 23 gold pieces
  4905 | D:5      | Bought a scroll labelled TIUKEGE QUSIT for 23 gold pieces
  5242 | D:5      | Found Qywka's Antique Weapon Shoppe.
  5518 | D:5      | Found an ancient bone altar of Kikubaaqudgha.
  5837 | D:6      | Killed an unseen horror
  5838 | D:6      | Reached skill level 9 in Polearms
  5838 | D:6      | Reached XP level 9. HP: 25/71 MP: 9/9
  6172 | D:6      | Noticed a two-headed ogre
  6188 | D:6      | Noticed a cyclops
  6200 | D:5      | Mangled by a two-headed ogre

Illustrated notes

Levels and vault maps discovered:
D:1:      dpeg_arrival_solitude, layout_basic, chequers_serial_rivers_room_b
D:2:      layout_basic, serial_shops, shop, shapermc_ecumenical_altar_venn
D:3:      layout_loops_ring, serial_shops, nicolae_shop_crystal, st_stairs_8,
          mrwooster_statue_mirror
D:4:      layout_basic, uniq_robin
D:5:      layout_cave_pods, kennysheep_vampire_church, serial_shops, shop,
          nicolae_square_shop, nicolae_diamond_shop, uniq_eustachio, uniq_ijyb,
          uniq_blork_the_orc
D:6:      layout_basic, jmf_multi_god_temple, mainiacjoe_overflow_alcove_4,
          serial_bayou_pond_e, kb_rosetta, uniq_maggie

Skill      XL: |  1  2  3  4  5  6  7  8 |
---------------+-------------------------+-----
Polearms       | 5 6 7 9 |  9.1
Armour         | 1 2 3 4 |  4.0
Fighting       | 3 4 5 6 |  6.4
Dodging        | 5 6 8 |  8.2
Throwing       | |  2.0

Action                   |  1- 3 |  4- 6 |  7- 9 || total
-------------------------+-------+-------+-------++-------
Melee: Trident           |   126 |   175 |   230 ||   531
Throw: Throwing net      |       |     3 |     1 ||     4
  Use: Scroll            |     2 |     7 |     2 ||    11
       Potion            |       |       |     6 ||     6
 Stab: Sleeping          |       |     3 |       ||     3
Armor: Leather armour    |    28 |    40 |    66 ||   134
       Skin              |       |       |    10 ||    10
Dodge: Dodged            |    61 |    97 |   194 ||   352
